 Dungeon Crawl Stone Soup version 0.31-a0-246-g8cbcc1cb85 (webtiles) character file.

Game seed: 7464764803675200924

37 qw the Shooter (level 3, -7/21 HPs)
             Began as a Gargoyle Hexslinger on July 12, 2023.
             Mangled by Sigmund
             ... wielding a +0 scythe
              (9 damage)
             ... on level 2 of the Dungeon.
             The game lasted 00:00:25 (1063 turns).

qw the Shooter (Gargoyle Hexslinger)                Turns: 1063, Time: 00:00:25

Health: -7/21      AC:  7    Str: 11    XL:     3   Next: 39%
Magic:  4/4        EV: 11    Int: 13    God:
Gold:   103        SH:  5    Dex: 14    Spells: 3/4 levels left

rFire   . . .        Y - +1 sling
rCold   . . .        (no shield)
rNeg    + . .        d - +0 leather armour
rPois   inf          c - +0 helmet
rElec   +            (no cloak)
rCorr   .            (no gloves)
SInv    .            (no boots)
Will    .....        i - amulet of reflection
Stlth   +            (no ring)
HPRegen 0.23/turn    (no ring)
MPRegen 0.09/turn

%: reflection
@: no status effects
A: sickness immunity, AC +3, negative energy resistance 1, electricity
resistance, torment resistance 1, petrification resistance
a: no special abilities


You were on level 2 of the Dungeon.
You visited 1 branch of the dungeon, and saw 2 of its levels.

You collected 103 gold pieces.


Innate Abilities, Weirdness & Mutations

You are immune to sickness and miasma.
Your stone body is resilient. (AC +3)
You are immune to poison.
You resist negative energy. (rN+)
You are resistant to electric shocks. (rElec)
You are resistant to unholy torment.
You are immune to petrification.


   Skills:
 - Level 2.0 Fighting
 + Level 3.3 Ranged Weapons
 - Level 1.5 Dodging
 - Level 1.0 Spellcasting
 - Level 2.6 Hexes


You had 3 spell levels left.
You knew the following spells:

 Your Spells              Type           Power      Damage    Failure   Level
a - Slow                  Hex            28%        N/A       12%         1

Your spell library contained the following spells:

 Spells                   Type           Power      Damage    Failure   Level
 Inner Flame              Hex/Fire       4%         N/A       54%         3
 Portal Projectile        Hex/Tloc       8%         N/A       54%         3
 Cause Fear               Hex            3%         N/A       77%         4

Inventory:

Hand Weapons
 Y - a +1 sling (weapon)
Armour
 c - a +0 helmet (worn)
 d - a +0 leather armour (worn)
Jewellery
 i - an amulet of reflection (around neck)
Potions
 a - a potion of ambrosia {unknown}
 b - a potion of invisibility {unknown}
 e - a potion of heal wounds {unknown}
 g - 3 potions of curing
 h - a potion of haste {unknown}
 j - a potion of might
 k - a potion of lignification {unknown}

Dungeon Overview and Level Annotations

Branches:
Dungeon (2/15)

Altars:

Annotations:
D:2 Sigmund


Message History

Enter note:
Enter note:
Enter note:
Enter note:
Enter note:
Enter note:
Enter note:
Enter note:
1057 ||| UPGRADING to +0 helmet.
You start putting on your armour.
You continue putting on your +0 helmet.
Sigmund casts a spell at you.
Keep equipping yourself?
The magic dart hits you.
You continue putting on your +0 helmet.
Sigmund barely misses you.
You continue putting on your +0 helmet.
Sigmund closely misses you.
You continue putting on your +0 helmet.
You finish putting on your +0 helmet.
Enter note:
Enter note:
Enter note:
Enter note:
Enter note:
Enter note:
Enter note:
Enter note:
Enter note:
Enter note:
Enter note:
Enter note:
Enter note:
Enter note:
Enter note:
1063 ||| READING scroll labelled NUQUQU UGASSAOL.
As you read the scroll labelled NUQUQU UGASSAOL, it crumbles to dust.
It is a scroll of enchant armour.
Really abort (and waste the scroll)?
Sigmund hits you from afar with a +0 scythe!
You die...

###########
#.........#
#.#######.#
#.# #.# #.#
#.# #.#
#.## #.# #
#..# #.#
#.#@##
###### #.#
#@..#
)....###.#
#####
....>'...#
.....#####
........<#
####.#####
## #.# .#
#.#


You could see Sigmund.

Vanquished Creatures
  An adder (D:2)
  3 dart slugs
  2 ball pythons
  A bat (D:1)
  4 endoplasms
  A kobold (D:1)
  3 quokkas
  2 frilled lizards (D:2)
  2 goblins (D:1)
  A rat (D:1)
20 creatures vanquished.

Notes
Turn   | Place    | Note
-------+----------+-------------------------------------------
     0 | D:1      | qw the Gargoyle Hexslinger began the quest for the Orb.
     0 | D:1      | Reached XP level 1. HP: 12/12 MP: 2/2
     0 | D:1      | 0 ||| qw: Version: 0.3-a-52-g30416fa
     0 | D:1      | 0 ||| qw: Game counter: 6502
     0 | D:1      | 0 ||| qw: Melee chars always use a shield: true
     0 | D:1      | 0 ||| qw: God list: Okawaru
     0 | D:1      | 0 ||| qw: Allow faded altars: false
     0 | D:1      | 0 ||| qw: Do Orc after clearing Dungeon:15 true
     0 | D:1      | 0 ||| qw: Do second Lair branch before Depths: true
     0 | D:1      | 0 ||| qw: Lair rune preference: random
     0 | D:1      | 0 ||| qw: Goals: Normal
     0 | D:1      | 0 ||| PLANNING D:1-11
     6 | D:1      | Noticed a lindwurm
     6 | D:1      | Noticed a water moccasin
     6 | D:1      | Noticed a wolf
     7 | D:1      | Noticed a polar bear
   298 | D:1      | Reached XP level 2. HP: 16/16 MP: 3/3
   522 | D:1      | 522 ||| FLEEEEING.
   523 | D:1      | 523 ||| FLEEEEING.
   538 | D:1      | Reached skill level 3 in Ranged Weapons
   627 | D:1      | 627 ||| UPGRADING to +0 leather armour.
   637 | D:1      | 637 ||| DROPPING +0 robe.
   638 | D:1      | 638 ||| UPGRADING to amulet of guardian spirit.
   643 | D:1      | 643 ||| UPGRADING to amulet of reflection.
   653 | D:1      | 653 ||| DROPPING amulet of guardian spirit.
   654 | D:1      | 654 ||| READING scroll labelled MAIZAY NIENINK.
   655 | D:1      | 655 ||| DRINKING 2 bubbling blue potions.
   656 | D:1      | 656 ||| DRINKING 2 bubbling yellow potions.
   657 | D:1      | 657 ||| DROPPING scroll of poison.
   812 | D:2      | Reached XP level 3. HP: 14/21 MP: 4/4
  1044 | D:2      | Noticed Sigmund
  1056 | D:2      | HP: 3/21 [Sigmund/+0 scythe (10)]
  1057 | D:2      | 1057 ||| UPGRADING to +0 helmet.
  1058 | D:2      | HP: 1/21 [Sigmund/magic dart (3)]
  1063 | D:2      | 1063 ||| READING scroll labelled NUQUQU UGASSAOL.
  1063 | D:2      | Mangled by Sigmund

Levels and vault maps discovered:
D:1:      onia_arrival_zoo_common, layout_loops_cross
D:2:      layout_basic, uniq_sigmund, uniq_terence

Skill      XL: |  1  2 |
---------------+-------+-----
Ranged Weapons | 3 |  3.3
Fighting       | 2 |  2.0
Dodging        | |  1.5
Spellcasting   | |  1.0
Hexes          | |  2.6

Action                     || total
---------------------------++-------
   Fire: Sling             ||    78
    Use: Potion            ||     2
         Scroll            ||     2
 Armour: Robe              ||     2
         Leather armour    ||     7
  Dodge: Dodged            ||    25
  Block: Other             ||     2

Table legend:
 A = Non-vault XP
 B = Vault XP
 C = Vault XP percentage of total XP
 D = Non-vault monster count
 E = Vault monster count
 F = Vault count percentage of total count
                 A         B        C        D         E       F
            +---------+---------+-------+---------+---------+-------
      Total |      53 |       0 |   0.0 |      20 |       0 |   0.0
            +---------+---------+-------+---------+---------+-------
        D:1 |      24 |       0 |   0.0 |      12 |       0 |   0.0
        D:2 |      29 |       0 |   0.0 |       8 |       0 |   0.0
            +---------+---------+-------+---------+---------+-------
